 Seeded DCSS version 0.30.0-19-g36f170ea60 (webtiles) character file.

Game seed: 6351066067085065685 (custom seed)

3206 Esekla the Thaumaturge (level 9, -2/48 HPs)
             Began as a Deep Elf Necromancer on May 29, 2023.
             Was a Priest of Vehumet.
             Slain by an orc knight
             ... wielding a +0 glaive
              (9 damage)
             ... in a bailey.
             The game lasted 00:52:09 (6935 turns).

Esekla the Thaumaturge (Deep Elf Necromancer)       Turns: 6935, Time: 00:52:10

Health: -2/48      AC:  4    Str:  5    XL:     9   Next: 65%
Magic:  25/25      EV: 15    Int: 25    God:    Vehumet [***...]
Gold:   418        SH:  0    Dex: 15    Spells: 22/28 levels left

rFire   . . .        a - +2 dagger (vamp)
rCold   . . .        (no shield)
rNeg    . . .        w - +0 robe
rPois   .            y - +0 helmet
rElec   .            (no cloak)
rCorr   .            l - +0 pair of gloves
SInv    .            (no boots)
Will    .....        C - amulet of magic regeneration
Stlth   +++          (no ring)
HPRegen 0.28/turn    (no ring)
MPRegen 0.59/turn

%: no passive effects
@: no status effects
A: no striking features
a: Renounce Religion


You were in a bailey.
You worshipped Vehumet.
Vehumet was most pleased with you.
You visited 2 branches of the dungeon, and saw 10 of its levels.
You also visited: Bailey.

You collected 418 gold pieces.

Inventory:

Hand Weapons
 a - a +2 vampiric dagger (weapon)
 c - a +0 scimitar
 r - a +0 trident
 x - the +2 bardiche of Puhoisos {heavy, rElec Stlth+}
   (You found it in a bailey)

   rElec:     It insulates you from electricity.
   Stlth:     It makes you more stealthy.
Missiles
 f - 3 boomerangs
 p - 23 poisoned darts (quivered)
Armour
 l - a +0 pair of gloves (worn)
 w - a +0 robe (worn)
 y - a +0 helmet (worn)
Jewellery
 C - an amulet of magic regeneration (around neck)
Wands
 n - a wand of roots (18)
 A - a wand of flame (8)
Scrolls
 e - 3 scrolls of fear
 k - 2 scrolls of fog
 m - a scroll of immolation {unknown}
 q - 2 scrolls of blinking
 s - a scroll of enchant armour {unknown}
 t - a scroll of amnesia
 u - 3 scrolls of enchant weapon
 v - a scroll of silence {unknown}
 D - a scroll of magic mapping {unknown}
 E - a scroll of teleportation {unknown}
Potions
 b - a potion of magic
 d - 3 potions of ambrosia
 g - 5 potions of attraction
 h - 2 potions of heal wounds
 i - 3 potions of haste {unknown}
 j - 7 potions of curing
 o - 3 potions of brilliance
 z - a potion of mutation {unknown}
 B - a potion of lignification {unknown}


   Skills:
 + Level 1.6 Fighting
 + Level 3.3 Short Blades
 + Level 1.3 Throwing
 * Level 6.4 Dodging
 + Level 5.3 Stealth
 * Level 10.1 Spellcasting
 * Level 10.0 Necromancy
 * Level 4.3 Translocations
 + Level 0.6 Evocations


You had 22 spell levels left.
You knew the following spells:

 Your Spells              Type           Power      Damage    Failure   Level
d - Vampiric Draining     Necr           58%        2d10      1%          3
t - Teleport Other        Tloc           34%        N/A       2%          3

Your spell library contained the following spells:

 Spells                   Type           Power      Damage    Failure   Level
 Hailstorm                Conj/Ice       12%        3d5       4%          3
 Necrotise                Necr           100%       1d9       1%          1
 Lesser Beckoning         Tloc           68%        N/A       1%          2
 Animate Dead             Necr           58%        N/A       1%          4
 Gell's Gravitas          Tloc           34%        N/A       2%          3
 Agony                    Necr           58%        N/A       2%          5
 Spider Form              Tmut/Pois      12%        N/A       14%         3
 Cause Fear               Hex            6%         N/A       43%         4
 Summon Mana Viper        Hex/Summ       12%        N/A       80%         5


Dungeon Overview and Level Annotations

Branches:
Dungeon (9/15)             Temple (1/1) D:6          Bailey (1/1)
   Lair: D:8-11         Orc: D:9-12

Altars:
Cheibriados
Dithmenos
Fedhas
Hepliaklqana
Okawaru
Qazlal
Trog
Vehumet
Xom
Yredelemnul
Zin
The Shining One

Shops:
D:2 =   D:4 (

Annotations:
D:7 Menkaure
D:8 3 transporters


Message History

The orc warrior disappears!
There is an open door here.
Throw: 23 darts (poison)
Press: ? - help, Q - select action, (/) - cycle Shift-Dir - straight line, f - orc knight
Aim: an orc knight, wielding a +0 glaive and wearing a +0 plate armour (57% to hit)
You throw a poisoned dart. The poisoned dart hits the orc.
The orc is heavily wounded.
Throw: 22 darts (poison)
Press: ? - help, Q - select action, (/) - cycle Shift-Dir - straight line, f/p - orc knight
Aim: an orc knight, wielding a +0 glaive and wearing a +0 plate armour (57% to hit)
You throw a poisoned dart. The poisoned dart hits the orc.
The orc is poisoned.
The orc is heavily wounded.
The orc hits you from afar with a +0 spear.
Casting: Teleport Other (dangerous; 2% risk of failure)
Confirm with . or Enter, or press ? or * to list all spells.
Aiming: Teleport Other (dangerous; 2% risk of failure)
Press: ? - help, Shift-Dir - straight line, f/p - orc knight
Aim: an orc knight, wielding a +0 glaive and wearing a +0 plate armour (chance to affect: 54%)
The orc knight resists with significant effort.
The orc misses you.
You kill the orc!
Vehumet accepts your kill.
You feel your power returning.
Casting: Teleport Other (dangerous; 2% risk of failure)
Confirm with . or Enter, or press ? or * to list all spells.
Aiming: Teleport Other (dangerous; 2% risk of failure)
Press: ? - help, Shift-Dir - straight line, f/p - orc knight
Aim: an orc knight, wielding a +0 glaive and wearing a +0 plate armour (chance to affect: 54%)
The orc knight looks slightly unstable.
The orc knight hits you from afar with a +0 glaive.
Things that are here:
a +0 spear; a +0 scale mail; an orc corpse
p - 22 poisoned darts (gained 1)
p - 23 poisoned darts (gained 1)
The orc knight hits you with a +0 glaive!!
Ouch! That really hurt!
* * * LOW HITPOINT WARNING * * *
You closely miss the orc knight.
The orc knight hits you with a +0 glaive!
You die...

##.)#'#'#..##.......
#..##.#.##..#.......
#.#########.##......
#.')# .?#.'.##......
#.### 8.###.##......
#.')# o.#)'.##......
#.####o####.##......
#..##o.∩##..##......
##.@#'''##..........
##.o...##..........
##....##....≈≈≈.≈≈
#######....≈##.#≈
........≈#∩)##
..............#
.........≈##.##
.........≈≈###≈
..........≈≈≈≈≈


You could see an orc knight.

Vanquished Creatures
  A two-headed ogre (D:8)
  Pikel (D:6)
  An ice beast (D:6)
  3 orc warriors (Bailey)
  A sky beast (D:6)
  2 black bears
  An ogre (D:5)
  A phantom (D:7)
  Blork the orc (D:6)
  2 kobold brigands
  A bullfrog (D:7)
  2 scorpions (D:5)
  A quasit (D:8)
  A gnoll bouda (D:4)
  5 hounds
  A jelly (D:6)
  3 orc wizards
  A sleepcap (D:5)
  5 iguanas
  16 gnolls
  9 adders
  3 shadow imps
  5 white imps
  3 ufetubi
  A worm (D:4)
  3 dart slugs
  34 orcs
  6 ball pythons
  4 bats
  4 endoplasms
  9 goblins
  7 hobgoblins
  A quokka (D:1)
  4 frilled lizards
  14 kobolds
  A rat (D:2)
158 creatures vanquished.

Vanquished Creatures (others)
  An orc warrior (Bailey)
1 creature vanquished.

Grand Total: 159 creatures vanquished

Notes
Turn   | Place    | Note
-------+----------+-------------------------------------------
     0 | D:1      | Esekla the Deep Elf Necromancer began the quest for the
                  | Orb.
     0 | D:1      | Reached XP level 1. HP: 10/10 MP: 6/6
    74 | D:1      | Reached skill level 5 in Necromancy
   228 | D:1      | Reached XP level 2. HP: 13/15 MP: 8/8
   575 | D:4      | Found a radiant altar of Vehumet.
   579 | D:4      | Became a worshipper of Vehumet
   787 | D:3      | Identified the +5 rapier of the Hero {heavy, rN+ Dex+3}
   810 | D:2      | Found Renulab's Jewellery Shop.
   893 | D:1      | You fall into a shaft and drop 1 floor!
   942 | D:1      | Reached XP level 3. HP: 19/19 MP: 9/9
   954 | D:1      | Learned a level 3 spell: Vampiric Draining
  1075 | D:2      | Noticed a black bear
  1101 | D:2      | Found a faded altar of an unknown god.
  1134 | D:2      | Reached XP level 4. HP: 23/24 MP: 4/11
  1174 | D:2      | Reached skill level 1 in Short Blades
  1220 | D:2      | Killed a black bear
  1221 | D:2      | Reached XP level 5. HP: 11/28 MP: 2/13
  1841 | D:3      | Found a stormy altar of Qazlal.
  1845 | D:3      | Found a hazy altar of Hepliaklqana.
  1845 | D:3      | Found a bloodstained altar of Trog.
  1872 | D:3      | Reached * piety under Vehumet
  1872 | D:3      | Offered knowledge of Foxfire by Vehumet.
  1885 | D:3      | Learned a level 3 spell: Teleport Other
  2342 | D:4      | Found Ponaysk's Antique Weapon Boutique.
  2490 | D:3      | Reached XP level 6. HP: 29/33 MP: 8/15
  2713 | D:4      | Reached skill level 5 in Spellcasting
  2775 | D:4      | Found a glowing silver altar of Zin.
  2958 | D:4      | Found an iron altar of Okawaru.
  2981 | D:4      | Found a glowing golden altar of the Shining One.
  3293 | D:5      | Entered Level 5 of the Dungeon
  3341 | D:5      | Reached skill level 1 in Translocations
  3413 | D:5      | Reached ** piety under Vehumet
  3413 | D:5      | Offered knowledge of Sandblast by Vehumet.
  3414 | D:5      | Reached skill level 1 in Fighting
  3447 | D:5      | Reached XP level 7. HP: 38/38 MP: 17/17
  3538 | D:5      | Found a shadowy altar of Dithmenos.
  3573 | D:5      | Got the Parchment of the Lumpy Olives
  4149 | D:5      | Reached skill level 5 in Stealth
  4415 | D:6      | Found a staircase to the Ecumenical Temple.
  4644 | D:6      | Noticed Blork the orc
  4789 | D:6      | Killed Blork the orc
  4790 | D:6      | Reached XP level 8. HP: 43/43 MP: 16/20
  4920 | D:6      | Found a blossoming altar of Fedhas.
  5079 | D:6      | Reached skill level 5 in Dodging
  5083 | D:6      | Noticed Pikel
  5164 | Temple   | Entered the Ecumenical Temple
  5427 | D:6      | Killed Pikel
  5428 | D:6      | Reached skill level 1 in Throwing
  5647 | D:7      | Reached XP level 9. HP: 41/47 MP: 17/23
  5696 | D:7      | Noticed Menkaure
  5704 | D:8      | Noticed a two-headed ogre
  5742 | D:8      | HP: 2/47 [two-headed ogre/+0 giant club (13)]
  5744 | D:8      | Killed a two-headed ogre
  5744 | D:8      | Offered knowledge of Hailstorm by Vehumet.
  5954 | D:8      | Found a transporter.
  5954 | D:8      | Found a transporter.
  5957 | D:8      | Found a transporter.
  6356 | D:8      | Reached *** piety under Vehumet
  6524 | D:9      | Found a flagged portal.
  6633 | Bailey   | Entered a bailey
  6773 | Bailey   | Reached skill level 10 in Spellcasting
  6878 | Bailey   | Reached skill level 10 in Necromancy
  6886 | Bailey   | Identified the +2 bardiche of Puhoisos {heavy, rElec
                  | Stlth+}
  6889 | Bailey   | Noticed an orc knight
  6889 | Bailey   | Noticed an orc knight
  6935 | Bailey   | Slain by an orc knight

Illustrated notes

Levels and vault maps discovered:
D:1:      sevenhm_arrival_forest_fort_small_3, layout_rooms,
          chequers_serial_rivers_room_b, minmay_misc_feat_five
D:2:      layout_loops_ring, dreamdust_ecumenical_altar_angels_and_demons,
          serial_shops, shop
D:3:      layout_basic, grunt_temple_overflow_open, minmay_misc_feat_iff
D:4:      layout_basic, nicolae_overflow_quartered_altars, serial_shops,
          nicolae_diamond_shop
D:5:      layout_loops_ring, lemuel_doored_altar, minmay_misc_feat_rows,
          dreamdust_wishing_well
D:6:      layout_loops_cross, fedhas_altar_fruit_tree,
          minmay_temple_entry_glass, uniq_pikel, uniq_blork_the_orc
D:7:      layout_basic, uniq_menkaure, uniq_joseph, uniq_crazy_yiuf_cottage
D:8:      layout_basic, nicolae_uskayaw_dance_hall, serial_demonic,
          serial_demonic_d, serial_demonic_a, serial_demonic_c,
          serial_demonic_c, nicolae_diode_quadrants
D:9:      layout_irregular_city, kennysheep_little_box, enter_bailey_4,
          minmay_between, uniq_harold
Temple:   compressed_dpeg_circular_temple
Bailey:   bailey_polearm_2, bailey

Skill      XL: |  1  2  3  4  5  6  7  8  9 |
---------------+----------------------------+-----
Necromancy     | 5 6 7 8 10 | 10.0
Dodging        | 3 4 5 6 |  6.4
Stealth        | 3 4 5 |  5.3
Short Blades   | 2 3 |  3.3
Spellcasting   | 4 5 6 8 10 | 10.1
Translocations | 1 2 3 4 |  4.3
Fighting       | 1 |  1.6
Throwing       | 1 |  1.3
Evocations     | |  0.6

Action                     |  1- 3 |  4- 6 |  7- 9 || total
---------------------------+-------+-------+-------++-------
  Melee: Short sword       |    23 |       |       ||    23
         Unarmed           |    12 |       |       ||    12
         Dagger            |    24 |    49 |   293 ||   366
         Rapier            |    19 |    47 |       ||    66
         Punch             |       |     2 |     7 ||     9
  Throw: Dart              |       |    14 |    19 ||    33
   Cast: Vampiric Draining |     3 |    24 |    78 ||   105
         Teleport Other    |       |       |    14 ||    14
  Evoke: Wand              |       |       |    11 ||    11
    Use: Scroll            |       |       |    11 ||    11
   Stab: Sleeping          |     6 |     7 |     9 ||    22
 Armour: Robe              |     9 |    18 |    62 ||    89
  Dodge: Dodged            |    46 |    74 |   281 ||   401
